 Dungeon Crawl Stone Soup version 0.28.0-53-g5a82cb258f (webtiles) character file.

Game seed: 11756973616577388965

95 Descartes the Cudgeller (level 4, -1/30 HPs)
             Began as a Formicid Wanderer on Aug 21, 2022.
             Killed from afar by Natasha (7 damage)
             ... with a magic dart
             ... on level 2 of the Dungeon.
             The game lasted 00:02:58 (2002 turns).

Descartes the Cudgeller (Formicid Wanderer)         Turns: 2002, Time: 00:02:58

Health: -1/30      AC: 10    Str: 19    XL:     4   Next: 95%
Magic:  6/6        EV:  7    Int: 11    God:
Gold:   71         SH:  0    Dex: 10    Spells: 5/6 levels left

rFire   . . .      SeeInvis +   a - +2 mace
rCold   . . .      Faith    .   (no shield)
rNeg    + . .      Spirit   .   g - +0 chain mail
rPois   .          Reflect  .   (helmet unavailable)
rElec   .          Harm     .   q - +0 cloak
rCorr   .          Rampage  .   (no gloves)
Will    .....                   b - +0 pair of boots
Stlth   ..........              (no amulet)
HPRegen 0.10/turn               e - ring of positive energy
MPRegen 0.10/turn               (no ring)

@: no status effects
A: permanent stasis, dig shafts and tunnels, antennae 3, four strong arms
a: Dig, Shaft Self


You were on level 2 of the Dungeon.
You visited 1 branch of the dungeon, and saw 2 of its levels.

You collected 71 gold pieces.

Inventory:

Hand Weapons
 a - a +2 mace (weapon)
Missiles
 f - 5 silver boomerangs
 h - 48 stones
 m - 25 arrows
Armour
 b - a +0 pair of boots (worn)
 c - a +0 leather armour
 g - a +0 chain mail (worn)
 q - a +0 cloak (worn)
Jewellery
 e - a ring of positive energy (left hand)
Wands
 n - a wand of paralysis (9)
Scrolls
 d - 2 scrolls of identify {unknown}
 i - a scroll of fog {unknown}
 j - a scroll of teleportation {unknown}
 p - a scroll of summoning {unknown}
Potions
 k - a potion of invisibility {unknown}
 l - a potion of berserk rage {unknown}
 o - a potion of brilliance {unknown}
 r - a potion of might {unknown}


   Skills:
 + Level 0.9(2.9) Axes
 + Level 4.1(4.2) Maces & Flails
 + Level 1.1(1.3) Polearms
 + Level 1.1 Armour
 - Level 2.4 Stealth
 + Level 1.1 Shields
 + Level 1.6 Spellcasting
 + Level 2.9 Conjurations
 + Level 1.6 Hexes
 + Level 0.6 Translocations
 + Level 1.0 Evocations


You had 5 spell levels left.
You knew the following spells:

 Your Spells              Type           Power      Damage    Failure   Level
a - Foxfire               Conj/Fire      16%        2x1d4     91%         1

Your spell library contained the following spells:

 Spells                   Type           Power      Damage    Failure   Level
 Dazzling Flash           Conj/Hex       12%        N/A       99%         3


Dungeon Overview and Level Annotations

Branches:
Dungeon (2/15)

Altars:

Annotations:
D:2 Natasha


Innate Abilities, Weirdness & Mutations

You cannot be hasted, slowed, berserked, paralysed or teleported.
You can dig through walls and to a lower floor.
You have a pair of large antennae on your head. (SInv)
Your four strong arms can wield two-handed weapons with a shield.


Message History

Natasha casts a spell.
Natasha casts a spell.
You barely miss the hobgoblin. The hobgoblin closely misses you.
You hit the hobgoblin.
You kill the hobgoblin!
Natasha claws you.
You miss Natasha.
Natasha is almost dead.
Natasha stares at you and mumbles some strange words.
The magic dart hits you.
* * * LOW HITPOINT WARNING * * *
You closely miss Natasha.
Natasha is almost dead.
Natasha mewls in sadness.
Natasha claws you.
* * * LOW HITPOINT WARNING * * *
You closely miss Natasha.
Natasha is almost dead.
Natasha barely misses you.
You hit Natasha.
You kill Natasha!
Natasha screams in fury as she dies!
Your Evocations skill increases to level 1!
The kobold throws a stone.
The stone hits you but does no damage.
The kobold throws a stone.
The stone hits you but does no damage.
The kobold throws a stone.
The stone barely misses you.
The kobold throws a stone.
The stone hits you but does no damage.
The kobold throws a stone.
The stone hits you.
* * * LOW HITPOINT WARNING * * *
Natasha, Servant of Life and Death comes into view.
Natasha hisses angrily.
Natasha mumbles some strange words.
You see here a +0 club.
Natasha wildly gestures.
Natasha glows brightly for a moment.
The white imp picks up a beetle and eats it.
There is a stone staircase leading up here.
Natasha casts a spell at you. The magic dart hits you!
You die...

#......#...#...#..
#........#...#...#
#..###.#...#...#..
#..# #...#...#...#
#..# #.#...#...#..
#..# #...#)..#...#
#..# #.#...#...#..
#..####.K#...#...#
#@)h.5.##..#...#..
##.###.####5.#...#
##.###.###.#...#..
##...##.##.###....#
##.###.#.#.##
##.#.. #.## ##[..##
##..# #.# #....#
#.#.K ####.##
##...#.###.##.#
#...#.###....##.#h#
#.#


You could see Natasha, a white imp (summoned) and a kobold.

Vanquished Creatures
  Natasha (twice) (D:2)
  2 worms (D:2)
  9 endoplasms
  2 goblins (D:1)
  5 hobgoblins
  3 jackals (D:1)
  A quokka (D:1)
  3 ball pythons (D:1)
  4 bats (D:1)
  A frilled lizard (D:1)
  2 kobolds (D:2)
  3 rats
37 creatures vanquished.

Notes
Turn   | Place    | Note
-------+----------+-------------------------------------------
     0 | D:1      | Descartes the Formicid Wanderer began the quest for the
                  | Orb.
     0 | D:1      | Descartes set off with the following items: a +2 mace, a +0
                  | pair of boots, a +0 leather armour; and the following spell
                  | memorised: Foxfire; and the following spells available to
                  | memorise: Dazzling Flash
     0 | D:1      | Reached XP level 1. HP: 13/13 MP: 2/2
   242 | D:1      | Reached XP level 2. HP: 17/19 MP: 3/3
   701 | D:1      | Reached XP level 3. HP: 24/24 MP: 4/4
   934 | D:1      | Reached skill level 1 in Hexes
  1379 | D:2      | Noticed Natasha
  1386 | D:2      | Killed Natasha
  1387 | D:2      | Reached skill level 1 in Armour
  1387 | D:2      | Reached XP level 4. HP: 29/30 MP: 6/6
  1430 | D:2      | Reached skill level 1 in Polearms
  1880 | D:2      | Reached skill level 1 in Shields
  1916 | D:2      | Noticed Natasha
  1952 | D:2      | Killed Natasha
  1953 | D:2      | Reached skill level 1 in Evocations
  1987 | D:2      | Noticed Natasha
  2002 | D:2      | Killed from afar by Natasha

Illustrated notes

Levels and vault maps discovered:
D:1:      wander_arrival_desolate, layout_loops_corners, minmay_tromino_v7
D:2:      layout_loops_ring, st_stairs_12, hex_large, uniq_natasha

Skill      XL: |  1  2  3  4 |
---------------+-------------+-----
Hexes          | 1 |  1.6
Armour         | 1 |  1.1
Polearms       | 1 |  1.1
Shields        | 1 |  1.1
Evocations     | 1 |  1.0
Axes           | |  0.9
Maces & Flails | |  4.1
Stealth        | |  2.4
Spellcasting   | |  1.6
Conjurations   | |  2.9
Translocations | |  0.6

Action                   |  1- 3 |  4- 6 || total
-------------------------+-------+-------++-------
Melee: Mace              |    61 |    43 ||   104
       Punch             |     1 |       ||     1
Armor: Leather armour    |    16 |       ||    16
       Chain mail        |    12 |    26 ||    38
Dodge: Dodged            |    32 |    13 ||    45
